SCURSCUM, neutral female scurrid Archeologist }}}}}}}}}}}}}}}}}}}}}}}}}}}}}}}}}}}}}}}}}}}}}}}}}}}}}}} }}}}}}}}}}}}}}}}}}}}}}}}}}}}}}}}}}}}}}}}}}}}}T}}}}} }}}}}}}}}.}}}}}}.....}}}}}}}}}}}}}}}}}}}}}}}}} };}}}}}....}}}}}....}}}}}}}}}}}}}}}}}}}}}} }`..}}}}}}}}}}}....}}}..}}}}}}}}}}}}} }...}}}}}}}}}}....}}}}..}}}}}}}}} }...}}}}}}}}}}}}}}}}}}}}}}}}}}- }...}}}}}}}}}}}}}}}}}}}}}}}}}.| }....}}}}}@ii}}}}}}}}}}}}}}`..----- }.....}}}}}i}}}}}}}}}}}}}}}.......| }....}}}}}}}}}}}}}}}}}}}}}}...n...| }gX..}}}}}}}}}}}}}}}}}}}}}}...- }@@...}}}}}}}}}}}}}}}}}}}}}}}.| }......}}}}}}}}}}}}}}}}}}}}}}}- }....<..}}}}}}}...}}}}}}}}}}}}}*}}}..r.. }.....}}}}}}}}}`.....}}}}}}}}}}}}}}}}`}+}}}}}}}}}}}.....}}}} }}..}}}}}}}}}}}}}....}}}}}}}}}}}}}}}}}}}}}}}}}}}}}}}..}}}}}}}}}}}}}}}}}}}}} }}};}}}}}}}}}}}}}....}}}}}}}}}}}}}}}}}}}}}}}..}}..}}}}}}}}}}}}}}}}`}}}}}}}} }}}}}}}}}}}}}}}}}}}}}}}}}}}}}}}}}}}}}}}}}}}}}}}}}}}}}}}}}}}}}}}}}}}}}}}}}}} }}}}}}}}}}}}}}}}}}}}}}}}}}}}}}}}}}}}}}}}}}}}}}}}}}}}}}}}}}}}}}}}}}}}}}}}}}} SCURSCUM the Digger Experience level: 1 Strength: 13 Dexterity: 9 Constitution: 15 Intelligence: 14 Wisdom: 13 Charisma: 9 Health: 0(12) Energy: 2(2) Def: 2 Gold: 0 Moves: 72 Dungeon seed: KBRwVHFwvBWRokqP Game ID: SCURSCUM_1498607156 Your Inventory: Weapons a - an uncursed +2 bullwhip h - an uncursed +0 boomerang (in quiver) Armor e - an uncursed +0 leather jacket (being worn) n - an uncursed +0 pair of leather gloves (being worn) Comestibles b - 3 uncursed chestnuts Scrolls i - a cursed scroll of punishment Potions j - an uncursed potion of object detection Wands d - an uncursed wand of light (0:14) Tools c - an uncursed pair of lenses f - an uncursed sack g - an uncursed tin opener (alternate weapon; not wielded) Gems q - an uncursed touchstone Spells and supernatural/magical abilities: Name Level Category Fail Memory W - pray for help -- divine ? -- Your skills at the end: Miscellaneous Skills wands [Basic] Weapon Skills boomerang [Basic] whip [Basic] Spellcasting Skills Final Attributes: You were devoutly aligned. You had infravision. You were very stealthy. You were fast. You are dead. Voluntary challenges: You went without food. You did not adorn yourself with jewelry or accessories. You did not cause conflict. You were not invisible. You did not have reflection. You were not displaced. You were an atheist. You never hit with a wielded weapon. You were a pacifist. You did not use tools. You did not use plumbed fixtures. You did not drink any magical draughts. You were illiterate. You never genocided any monsters. You never polymorphed an object. You never changed form. You used no wishes. You never split a pudding. You never wrote Elbereth's name. You never violated your personal moral code. Dungeon overview: The Dungeons of Doom: levels 1 to 23 Level 1 a long staircase Level 2 a long staircase Level 3 Level 4 Level 5 a sink Level 6 Level 7 Level 8 Level 9 Level 10 Level 11 Level 12 Level 13 Level 14 Level 15 Level 16 Level 17 Level 18 Level 19 Level 20 a temple to Quetzalcoatl Level 21 Level 22 Level 23 <- You were here History has recorded: On T:1 you entered the Dungeons of Doom to retrieve the Amulet of Yendor! On T:26 you reached level 2 of The Dungeons of Doom. On T:28 you reached level 3 of The Dungeons of Doom. On T:30 you reached level 4 of The Dungeons of Doom. On T:31 you reached level 5 of The Dungeons of Doom. On T:33 you reached level 6 of The Dungeons of Doom. On T:35 you reached level 7 of The Dungeons of Doom. On T:37 you reached level 8 of The Dungeons of Doom. On T:39 you reached level 9 of The Dungeons of Doom. On T:41 you reached level 10 of The Dungeons of Doom. On T:43 you reached level 11 of The Dungeons of Doom. On T:45 you reached level 12 of The Dungeons of Doom. On T:47 you reached level 13 of The Dungeons of Doom. On T:49 you reached level 14 of The Dungeons of Doom. On T:52 you reached level 15 of The Dungeons of Doom. On T:53 you reached level 16 of The Dungeons of Doom. On T:53 you entered the Rogue tribute level. On T:55 you reached level 17 of The Dungeons of Doom. On T:57 you reached level 18 of The Dungeons of Doom. On T:59 you reached level 19 of The Dungeons of Doom. On T:61 you reached level 20 of The Dungeons of Doom. On T:63 you reached level 21 of The Dungeons of Doom. On T:64 you reached level 22 of The Dungeons of Doom. On T:66 you reached level 23 of The Dungeons of Doom. Score breakdown: Gold: 0 ( 0 points) Experience: 1 level ( 0 points) Exploration: 23 levels ( 660 points) Discoveries: 3 items ( 150 points) Variety of kills: 0 monsters ( 0 points) Major goal: (nothing yet) ( 0 points) Survival: died (score multiplied by 3) Total score: 2430 Latest messages: You dig a pit in the floor. You continue digging downward. You dig a hole through the floor. You fall through... You start digging downward. You continue digging downward. You dig a pit in the floor. You continue digging downward. You dig a hole through the floor. You fall through... You start digging downward. The captain zaps an oak wand! The sleep ray hits you! The sleep ray bounces! The sleep ray hits you! The sleep ray hits it. Something claws you! The combat suddenly awakens you. The gargoyle claws you! The gargoyle bites! You die... The sack is empty. The sack is empty. Final status: Goodbye SCURSCUM the Archeologist, killed by a gargoyle... You died in The Dungeons of Doom on dungeon level 23 with 2430 points, and 0 pieces of gold, after 72 moves. You were level 1 with a maximum of 12 hit points when you died.